[Event "Live Chess"]
[Site "Chess.com"]
[Date "2023.05.20"]
[Round "-"]
[White "KeithArkell"]
[Black "wadsy27"]
[Result "1-0"]
[WhiteElo "2608"]
[BlackElo "2584"]
[TimeControl "300"]
[EndTime "9:11:43 PDT"]
[Termination "KeithArkell won by resignation"]

1. d4 d5 2. Nf3 Nf6 3. c4 c6 4. Nc3 dxc4 5. a4 Bf5 6. Nh4 e6 7. Nxf5 exf5 8. Bg5 Nbd7 9. e3 Bb4 10. Bxf6 Nxf6 11. Bxc4 Qa5 12. Qb3 O-O 13. O-O Rab8 14. Rfd1 Bd6 15. d5 Qc7 16. g3 h5 17. dxc6 bxc6 18.
Qc2 g6 19. Be2 Be5 20. Bf3 h4 21. Kg2 Kg7 22. Rac1 Rb4 23. b3 Rfb8 24. Ne2 hxg3 25. hxg3 Rxb3 26. Qxc6 Qxc6 27. Rxc6 R8b6 28. Rxb6 axb6 29.
Rd2 Ra3 30. Bc6 Ne4 31. Rc2 Nc5 32. Rc1 Nxa4 33. Rb1 Bc7 34. Nd4 Nc5 35. Nb5 Be5 36.
Nxa3 1-0

[Event "Live Chess"]
[Site "Chess.com"]
[Date "2023.05.20"]
[Round "-"]
[White "guptarayan"]
[Black "NatashaRegan"]
[Result "0-1"]
[WhiteElo "541"]
[BlackElo "1875"]
[TimeControl "300"]
[EndTime "9:11:48 PDT"]
[Termination "NatashaRegan won by resignation"]

1. e4 Nf6 2. e5 Nd5 3. Bc4 Nb6 4.
Bb3 d5 5. d4 e6 6. f4 a5 7. Nf3 a4 8. Bxd5 Nxd5 9. O-O c5 10. c3 Nc6 11. Nbd2 Qb6 12. Ne4 cxd4 13. cxd4 Bd7 14. Re1 Nxd4 15. Be3 Nxf3+ 16. gxf3 Nxe3 17. Qe2 Nc2+ 18. Qf2 Qxf2+ 19. Kxf2 Nxa1 20. Rxa1 Bc6 21. Nd6+ Bxd6 22. exd6 Kd7 23. Rd1 Ra5 24. b4 Rd5 25.
Rxd5 Bxd5 26. Ke3 Bxa2 0-1

[Event "Live Chess"]
[Site "Chess.com"]
[Date "2023.05.20"]
[Round "-"]
[White "JanMur7"]
[Black "TKDRyan"]
[Result "1-0"]
[WhiteElo "1949"]
[BlackElo "1163"]
[TimeControl "300"]
[EndTime "9:11:49 PDT"]
[Termination "JanMur7 won by checkmate"]

1. e4 c5 2. Nf3 d6 3. c3 Nc6 4. Be2 Nf6 5. d4 cxd4 6. cxd4 e6 7. Nc3 Be7 8. d5 exd5 9. exd5 Ne5 10. Nxe5 dxe5 11.
O-O Bb4 12. Qa4+ Bd7 13. Qxb4 b6 14. Nb5 Bxb5 15. Bxb5+ Nd7 16. Qd6 a6 17. Bc6 Rc8 18. Bg5 f6 19. Qe6+ Kf8 20. Bxd7 Rc2 21. Qd6+ Kf7 22.
Be6+ Kg6 23. Qxd8 Rxd8 24. Be3 Rxb2 25. Rab1 Rxa2 26. Rb4 b5 27. Rg4+ Kh5 28. h3 b4 29.
Bf7+ g6 30. g3 b3 31. Rh4# 1-0

[Event "Live Chess"]
[Site "Chess.com"]
[Date "2023.05.20"]
[Round "-"]
[White "JoeyCage"]
[Black "Singapourfeuj"]
[Result "1-0"]
[WhiteElo "2313"]
[BlackElo "2317"]
[TimeControl "300"]
[EndTime "9:11:53 PDT"]
[Termination "JoeyCage won by checkmate"]

1. e4 e6 2. d4 d5 3. Nc3 Nf6 4. e5 Nfd7 5. Nce2 c5 6. c3 Nc6 7. Nf3 b5 8. Ng3 Rb8 9. Be3 a5 10. Be2 b4 11. O-O Be7 12. a3 O-O 13. axb4 axb4 14. Qc2 h6 15. Rfb1 f5 16. exf6 Nxf6 17. dxc5 e5 18. cxb4 d4 19. Bd2 Bg4 20. h3 Be6 21. Bc4 Qd7 22. b5 Nd8 23. Nxe5 Qc8 24. c6 Bd6 25. Nf3 Kh8 26. Nxd4 Bxh3 27. Qd3 Qg4 28.
gxh3 Qxh3 29. Qf1 Qh4 30. Nf3 Qg4 31. Be2 Qe6 32. Re1 Ne4 33. Nxe4 Qxe4 34. Qg2 Rf5 35. Bc3 Ne6 36. Bd3 Qxd3 37. Rxe6 Bf8 38. Rxh6+ Kg8 39. Rg6 Qxf3 40. Rxg7+ Kh8 41. Rg8+ Kh7 42.
Rh8# 1-0

[Event "Live Chess"]
[Site "Chess.com"]
[Date "2023.05.20"]
[Round "-"]
[White "AlanPaling"]
[Black "VovaOvchar1990"]
[Result "0-1"]
[WhiteElo "1194"]
[BlackElo "1217"]
[TimeControl "300"]
[EndTime "9:11:56 PDT"]
[Termination "VovaOvchar1990 won by checkmate"]

1. c4 e5 2. Nc3 Bc5 3. g3 Nf6 4. Bg2 a6 5. e3 d6 6. Nge2 O-O 7. O-O h6 8. h3 Nc6 9. b3 Ne7 10. d4 exd4 11. exd4 Ba7 12. Be3 Ng6 13. Qd2 c6 14. Rfe1 d5 15. c5 Bb8 16. b4 Bc7 17. a4 Re8 18. Qb2 Ne4 19. b5 axb5 20. axb5 Rxa1 21. Rxa1 Nxc3 22. Nxc3 Bxg3 23. bxc6 bxc6 24. Qb6 Qd7 25. Ra7 Qe6 26. Na4 Kh7 27. Rc7 Bd7 28. Qa7 Re7 29. Nb6 Qf5 30. Rxd7 Rxe3 31. fxg3 Re1+ 32. Kh2 Qf2 33.
Rxf7 Qg1# 0-1

[Event "Live Chess"]
[Site "Chess.com"]
[Date "2023.05.20"]
[Round "-"]
[White "KirbyHasARevenge"]
[Black "defenderalist"]
[Result "1-0"]
[WhiteElo "1745"]
[BlackElo "1593"]
[TimeControl "300"]
[EndTime "9:11:57 PDT"]
[Termination "KirbyHasARevenge won by checkmate"]

1. e4 e6 2. c4 Bc5 3. d4 Bb4+ 4.
Nc3 Bxc3+ 5. bxc3 d5 6. cxd5 exd5 7. Bd3 dxe4 8. Bxe4 Nf6 9. Qe2 O-O 10. Bg5 Nbd7 11. Nf3 Re8 12. O-O Rxe4 13. Qxe4 Nxe4 14. Bxd8 f6 15. Bxc7 b6 16. Rac1 Ba6 17. Rfe1 Ng5 18.
Nxg5 fxg5 19. Re7 Nf6 20. Rce1 Nd5 21. Rd7 Nxc3 22. Ree7 Bd3 23. Rxg7+ Kh8 24. Be5 Ne2+ 25. Kh1 Rc8 26. Rxh7+ Kg8 27. Rdg7+ Kf8 28. Rh8# 1-0

[Event "Live Chess"]
[Site "Chess.com"]
[Date "2023.05.20"]
[Round "-"]
[White "BearFromUkraine"]
[Black "DianaSpencer1"]
[Result "1-0"]
[WhiteElo "1190"]
[BlackElo "647"]
[TimeControl "300"]
[EndTime "9:12:02 PDT"]
[Termination "BearFromUkraine won by checkmate"]

1. e4 e5 2. Nf3 Nc6 3. Bc4 Nf6 4. d3 Bb4+ 5. Bd2 d5 6. exd5 Nxd5 7. Bxd5 Qxd5 8. Bxb4 Nxb4 9. O-O Bg4 10. Re1 O-O 11. Nc3 Nxa2 12. Nxd5 Be6 13. Rxa2 Bxd5 14.
Ra1 b5 15. Nxe5 Rfe8 16. Qd2 a5 17. Qf4 Rxe5 18. Qxe5 Ra6 19. Qe8# 1-0

[Event "Live Chess"]
[Site "Chess.com"]
[Date "2023.05.20"]
[Round "-"]
[White "Prijmak"]
[Black "boilerboy1"]
[Result "0-1"]
[WhiteElo "1018"]
[BlackElo "1054"]
[TimeControl "300"]
[EndTime "9:12:03 PDT"]
[Termination "boilerboy1 won by checkmate"]

1. e4 e5 2. f4 d6 3. Nf3 Bg4 4. Bc4 exf4 5. d4 Bh5 6. Bxf4 Nf6 7.
Nc3 Be7 8. O-O O-O 9. Nd5 Nxd5 10. Bxd5 c6 11. Bb3 Nd7 12. Qd3 Nf6 13. Rae1 Bg6 14. Bg5 Qa5 15. Bxf6 Bxf6 16. Rf2 Rad8 17. Rfe2 d5 18.
e5 Bxd3 19. cxd3 Be7 20. h3 c5 21. Rf1 cxd4 22. Nxd4 Bc5 23. Kh2 Bxd4 24. Rf4 Qb4 25. Rf5 Rde8 26. g4 a5 27. Bd1 Qc5 28. Rc2 Bxe5+ 29. Kg2 Qd4 30. Be2 b5 31. a3 b4 32.
axb4 Qxb4 33. Bf3 Qe1 34. Rf2 Bd4 35. Rxd5 Bxf2 36. d4 Qg1# 0-1

[Event "Live Chess"]
[Site "Chess.com"]
[Date "2023.05.20"]
[Round "-"]
[White "MizYanKo"]
[Black "SavagePawn7"]
[Result "0-1"]
[WhiteElo "407"]
[BlackElo "792"]
[TimeControl "300"]
[EndTime "9:12:04 PDT"]
[Termination "SavagePawn7 won by checkmate"]

1. d4 e5 2. dxe5 d6 3. e4 Nc6 4. Bc4 Nxe5 5. Qd5 Be6 6. Qd4 Bxc4 7. b3 Ba6 8. Bf4 Qf6 9. Ne2 Bxe2 10. Nc3 Nf3+ 11.
Kxe2 Qxd4 12. Kxf3 Qxc3+ 13. Kg4 Nf6+ 14. Kh4 Be7 15. Rac1 Nxe4+ 16. Kg4 O-O 17. Rhe1 Nxf2+ 18. Kf5 Qf6# 0-1

[Event "Live Chess"]
[Site "Chess.com"]
[Date "2023.05.20"]
[Round "-"]
[White "Trendle"]
[Black "Chesscoach_Golichenko"]
[Result "1-0"]
[WhiteElo "2680"]
[BlackElo "2644"]
[TimeControl "300"]
[EndTime "9:12:05 PDT"]
[Termination "Trendle won by resignation"]

1. e4 Nf6 2. e5 Nd5 3. d4 d6 4. Nf3 g6 5. Bc4 c6 6. O-O Bg7 7. Re1 O-O 8. exd6 Qxd6 9. c3 b5 10. Bb3 a5 11. Nbd2 Bf5 12. a4 Nb6 13. axb5 cxb5 14.
Ne4 Bxe4 15. Rxe4 a4 16. Bf4 Qc6 17. d5 Qb7 18. Ba2 e6 19. Nd4 Nxd5 20. Nxe6 fxe6 21. Rxe6 Rd8 22. Rd6 Rxd6 23. Bxd6 Kh8 24. Bxd5 1-0

[Event "Live Chess"]
[Site "Chess.com"]
[Date "2023.05.20"]
[Round "-"]
[White "gmnorfolk"]
[Black "Kr1xot4_XGOD"]
[Result "0-1"]
[WhiteElo "2066"]
[BlackElo "2127"]
[TimeControl "300"]
[EndTime "9:12:05 PDT"]
[Termination "Kr1xot4_XGOD won by resignation"]

1. d4 d5 2. c4 e6 3. Nf3 dxc4 4. g3 b5 5. Bg2 a6 6. Ne5 c6 7. a4 Bb7 8. O-O Ne7 9. b3 cxb3 10. Qxb3 Nd5 11. e4 Nb6 12. a5 N6d7 13. Bb2 Nxe5 14. dxe5 c5 15. Rd1 Nd7 16. f4 c4 17. Qe3 Rc8 18.
f5 Bc5 19. Bd4 Nxe5 20. Nc3 Bxd4 21. Rxd4 Qc7 22. Rf1 O-O 23. f6 gxf6 24. Rxf6 b4 25. Ne2 c3 26. Qh6 b3 27. Nf4 Ng4 28. Qg5+ Kh8 29. Qxg4 c2 30. Rh6 c1=Q+ 31. Bf1 Qe3+ 32. Kg2 Qxd4 0-1

[Event "Live Chess"]
[Site "Chess.com"]
[Date "2023.05.20"]
[Round "-"]
[White "Rusty_Bridges"]
[Black "Argrath"]
[Result "1/2-1/2"]
[WhiteElo "1423"]
[BlackElo "1428"]
[TimeControl "300"]
[EndTime "9:12:05 PDT"]
[Termination "Game drawn by repetition"]

1. e4 c6 2. Nf3 d5 3. exd5 cxd5 4. d4 Bg4 5. Bd3 Nc6 6. c3 Nf6 7. Bf4 e6 8. Nbd2 Bd6 9. Bxd6 Qxd6 10. h3 Bh5 11. Qc2 Bg6 12. O-O O-O 13. Rae1 a6 14.
Ne5 Bxd3 15. Qxd3 b5 16. Re3 Na5 17. b3 Rac8 18. Qe2 Qa3 19. Ndf3 Ne4 20. Rxe4 dxe4 21.
Nh2 Rxc3 22. Nhg4 Rfc8 23. Qxe4 Rc1 24. Rxc1 Qxc1+ 25. Kh2 Qc2 26. Qf4 Qc7 27. h4 f6 28.
Nxf6+ gxf6 29. Qxf6 Re8 30. g3 Nc6 31. Ng4 Qg7 32. Nh6+ Kh8 33. Nf7+ Kg8 34. Nh6+ Kh8 35. Nf7+ Kg8 36. Nh6+ 1/2-1/2

[Event "Live Chess"]
[Site "Chess.com"]
[Date "2023.05.20"]
[Round "-"]
[White "VIDYUTGANESH"]
[Black "Andysav3"]
[Result "0-1"]
[WhiteElo "1673"]
[BlackElo "1688"]
[TimeControl "300"]
[EndTime "9:12:13 PDT"]
[Termination "Andysav3 won by resignation"]

1. e4 Nf6 2. e5 Nd5 3. f4 d6 4. exd6 cxd6 5. d4 g6 6. Nf3 Bg7 7. Bb5+ Bd7 8. Bxd7+ Qxd7 9. c4 Nf6 10.
O-O O-O 11. Nc3 Nc6 12. h3 a6 13. a3 Na5 14. Qe2 Rac8 15. Nd2 b5 16. cxb5 axb5 17.
Nxb5 Qb7 18. Nc3 Nb3 19. Nxb3 Qxb3 20. Be3 Rb8 21. Rab1 e6 22. g4 d5 23. f5 Nd7 24.
Qd2 Nb6 25. Ne2 Nc4 26. Qc3 Qxc3 27. bxc3 Nxe3 28. Rxb8 Rxb8 29. Rf2 Rb3 30. Rf3 Nc4 31. Rd3 Rxa3 32. Kf2 gxf5 33. gxf5 h5 34. fxe6 fxe6 35. Nf4 Kf7 36. Nxh5 Bh8 37. Rf3+ Ke7 38. Rg3 Rxc3 39. Rg8 Bxd4+ 40. Ke2 e5 41. Ng7 Rc2+ 42. Kd1 Rd2+ 43. Ke1 Rh2 44. Nf5+ Ke6 45. Ng3 Bf2+ 46. Kf1 Bxg3 47.
Rxg3 e4 48. Kg1 Rc2 49. h4 d4 50. Kf1 e3 51. Ke1 d3 52. h5 d2+ 53. Kd1 Rc1+ 0-1

[Event "Live Chess"]
[Site "Chess.com"]
[Date "2023.05.20"]
[Round "-"]
[White "SaraTang"]
[Black "MJMykh"]
[Result "0-1"]
[WhiteElo "170"]
[BlackElo "952"]
[TimeControl "300"]
[EndTime "9:12:18 PDT"]
[Termination "MJMykh won by checkmate"]

1. e4 e5 2. Bc4 Nc6 3. Qf3 Qe7 4. Nh3 Nd4 5. Qg3 Nxc2+ 6. Kd1 Nxa1 7. Ng5 Nh6 8. Nxf7 Nxf7 9. Qf3 Nd6 10. Bf7+ Qxf7 11. Qxf7+ Nxf7 12. Re1 Bc5 13. Re2 Nd6 14. Re3 Bxe3 15.
dxe3 Nxe4 16. f3 Nd6 17. f4 exf4 18. exf4 O-O 19. g3 Ne4 20. g4 Nf2+ 21. Ke1 Nxg4 22. h3 Nf6 23. Nc3 Nc2+ 24. Kd2 Nb4 25. a3 Nc6 26. b4 a6 27. a4 Nxb4 28. Ba3 c5 29. a5 d6 30. Ke3 Nbd5+ 31. Nxd5 Nxd5+ 32. Kd3 Nxf4+ 33. Ke4 Nxh3 34. Bxc5 dxc5 35. Kd3 g5 36.
Kc4 g4 37. Kxc5 g3 38. Kd5 g2 39. Kd4 g1=Q+ 40. Ke4 Re8+ 41. Kf3 Qf1+ 42. Kg3 Re3+ 43.
Kh2 Qf2+ 44. Kh1 Re1# 0-1

[Event "Live Chess"]
[Site "Chess.com"]
[Date "2023.05.20"]
[Round "-"]
[White "YrrriKharkiv"]
[Black "LiamBellwood"]
[Result "1/2-1/2"]
[WhiteElo "2121"]
[BlackElo "2115"]
[TimeControl "300"]
[EndTime "9:12:27 PDT"]
[Termination "Game drawn by repetition"]

1. d4 e6 2. Nf3 f5 3. c4 Nf6 4. Nc3 Bb4 5. g3 O-O 6. Bd2 d6 7. Bg2 Bxc3 8. Bxc3 Ne4 9. O-O Qe8 10. Qd3 Nd7 11. Nd2 Nxc3 12. Qxc3 e5 13. e3 Nf6 14.
c5 f4 15. cxd6 cxd6 16. dxe5 dxe5 17. exf4 exf4 18. Qc4+ Be6 19. Qxf4 Rd8 20. Qb4 Bd5 21. Nf3 Qh5 22. Nh4 Bxg2 23. Nxg2 Ng4 24. h4 Ne5 25. Qb3+ Kh8 26. f4 Ng4 27. Rad1 Qc5+ 28. Kh1 Nf2+ 29. Rxf2 Qxf2 30. Rxd8 Rxd8 31. Kh2 h6 32. Qxb7 Rd2 33.
Qa8+ Kh7 34. Qe4+ Kg8 35. Qe6+ Kh7 36. Qf5+ Kg8 37. Qe6+ Kh7 38. Qf5+ Kg8 39. Qe6+ 1/2-1/2

[Event "Live Chess"]
[Site "Chess.com"]
[Date "2023.05.20"]
[Round "-"]
[White "CheckString"]
[Black "sup3rm0nk3y"]
[Result "1-0"]
[WhiteElo "1363"]
[BlackElo "1335"]
[TimeControl "300"]
[EndTime "9:12:32 PDT"]
[Termination "CheckString won by resignation"]

1. e4 c5 2. c3 d5 3. exd5 Qxd5 4.
h3 Nc6 5. Na3 Nf6 6. Bc4 Qd7 7.
Nf3 e6 8. O-O Be7 9. d4 cxd4 10.
cxd4 O-O 11. Re1 Bxa3 12. bxa3 a6 13. a4 Rd8 14. Bb2 Na5 15. Bb3 b6 16. Ne5 Qc7 17.
Rc1 Qb7 18. Bc2 Bd7 19. Be4 Bc6 20. Bxc6 Nxc6 21. Nxc6 Rdc8 22. Ne5 a5 23. Qd3 Nd5 24.
Rxc8+ Rxc8 25. Rc1 Re8 26. Qb5 Re7 27. Nc6 Nf4 28.
Nxe7+ Kf8 29. f3 Kxe7 30. Ba3+ Kf6 31. Qe5+ Kg6 32. Qxf4 f5 33. Qe5 1-0

[Event "Live Chess"]
[Site "Chess.com"]
[Date "2023.05.20"]
[Round "-"]
[White "Balu13"]
[Black "Jio85"]
[Result "0-1"]
[WhiteElo "816"]
[BlackElo "2039"]
[TimeControl "300"]
[EndTime "9:12:36 PDT"]
[Termination "Jio85 won by resignation"]

1. e4 Nf6 2. e5 Nd5 3. c4 Nb6 4. d4 d6 5. Nc3 dxe5 6. dxe5 Qxd1+ 7. Nxd1 Nc6 8. c5 Nd7 9. Bf4 Nxc5 10. Bb5 Bd7 11. Nf3 e6 12. O-O a6 13. Bxc6 Bxc6 14.
Rc1 Nd3 15. Ne3 Nxf4 16. Nc4 Ne2+ 0-1

[Event "Live Chess"]
[Site "Chess.com"]
[Date "2023.05.20"]
[Round "-"]
[White "Krishtwist2013gmailc"]
[Black "thrithik"]
[Result "1-0"]
[WhiteElo "1002"]
[BlackElo "593"]
[TimeControl "300"]
[EndTime "9:12:39 PDT"]
[Termination "Krishtwist2013gmailc won by checkmate"]

1. e4 g6 2. c3 h5 3. d4 Nf6 4.
Be3 Nxe4 5. Nf3 Rg8 6. Bd3 Nxf2 7.
Kxf2 Bh6 8. Bxh6 Rh8 9. Bg7 Rg8 10. Bh6 g5 11. Qe1 g4 12. Ng5 f6 13. Ne4 f5 14.
Ng5 Rh8 15. Bg7 Rh7 16. Be5 d6 17. Bf4 e5 18. dxe5 dxe5 19. Qxe5+ Re7 20. Qh8+ Kd7 21. Bb5+ c6 22. Rd1# 1-0

[Event "Live Chess"]
[Site "Chess.com"]
[Date "2023.05.20"]
[Round "-"]
[White "alanmike75"]
[Black "matt1979"]
[Result "1-0"]
[WhiteElo "1501"]
[BlackElo "1484"]
[TimeControl "300"]
[EndTime "9:12:41 PDT"]
[Termination "alanmike75 won by resignation"]

1. e4 g6 2. d4 Bg7 3. Be3 d6 4.
c3 b6 5. Nd2 Bb7 6. Bd3 e6 7.
f3 Ne7 8. Ne2 Nd7 9. O-O f5 10.
Rc1 O-O 11. c4 e5 12. d5 Nc5 13. Bb1 Qe8 14. b4 Na6 15. a3 f4 16. Bf2 Nb8 17.
c5 bxc5 18. bxc5 Ba6 19. Re1 Nd7 20. Nb3 Rb8 21. Na5 Rb5 22. Nc6 Nxc6 23. dxc6 Nf6 24.
cxd6 cxd6 25. Qxd6 Rb2 26. Nc3 Qc8 27. Nd5 Nxd5 28.
exd5 Rd8 29. Qc5 Rb5 30. Qc4 Rbxd5 31. Qa2 Kh8 32. Be4 Rd2 33. Qf7 R2d6 34. Qxa7 Bb5 35. Qc5 Bxc6 36. Bxc6 Bf8 37. Be4 Rd1 38. Qxc8 Rxe1+ 39.
Bxe1 Bc5+ 40. Rxc5 1-0

[Event "Live Chess"]
[Site "Chess.com"]
[Date "2023.05.20"]
[Round "-"]
[White "profpirate4"]
[Black "OceanFloater"]
[Result "0-1"]
[WhiteElo "943"]
[BlackElo "970"]
[TimeControl "300"]
[EndTime "9:12:42 PDT"]
[Termination "OceanFloater won by resignation"]

1. d4 c6 2. c4 d5 3. Nc3 Bf5 4. Bg5 h6 5. Bh4 g5 6. Bg3 Nf6 7. e3 Bg7 8. cxd5 Nxd5 9. Bc4 Nxc3 10. bxc3 O-O 11. Nf3 b5 12. Bb3 Qa5 13. O-O Rd8 14.
Ne5 e6 15. Re1 c5 16. e4 Bh7 17. Nxf7 Kxf7 18. Qf3+ Ke7 19. d5 Rf8 20. d6+ Kd7 21. Qe3 Bxc3 22. Qxc5 Bxe1 23. Rc1 Qb6 24. Bxe6+ Kxe6 25. Qd5+ Kd7 26. Rc7+ Kd8 27. Rc5 Bxe4 28. Qxe4 Qxc5 29.
Qe7+ Kc8 30. d7+ Nxd7 31. Qxc5+ Nxc5 0-1

[Event "Live Chess"]
[Site "Chess.com"]
[Date "2023.05.20"]
[Round "-"]
[White "BMT6"]
[Black "Inaffectual"]
[Result "1-0"]
[WhiteElo "594"]
[BlackElo "561"]
[TimeControl "300"]
[EndTime "9:12:47 PDT"]
[Termination "BMT6 won on time"]

1. e4 e5 2. Nf3 Nc6 3. Nc3 Bc5 4. Bc4 d6 5. Ng5 Qxg5 6. d4 exd4 7. Bxg5 dxc3 8.
bxc3 f6 9. Qf3 Nd4 10. Qf4 Nxc2+ 11. Ke2 d5 12. exd5 Bd7 13. Qe4+ Be7 14. Qxc2 O-O-O 15. Bf4 Re8 16. Kf3 g5 17. Be3 g4+ 18. Kg3 Bd6+ 19.
Bf4 Nh6 20. Bxd6 cxd6 21. Rhe1 Nf5+ 22. Kxg4 Nh6+ 23. Kh5 Bf5 24. Rxe8+ Rxe8 25. Bd3 Bxd3 26. Qxd3 Nf7 27. Qxh7 Re5+ 28. Kg6 Rg5+ 29. Kxf7 Rxg2 30.
Qh8+ Kc7 31. Rb1 Rxh2 32. Qe8 Rxf2 33. Qe7+ Kc8 34. Qe6+ Kc7 35. Qe8 1-0

[Event "Live Chess"]
[Site "Chess.com"]
[Date "2023.05.20"]
[Round "-"]
[White "Greenbecker"]
[Black "miguelchuk"]
[Result "1-0"]
[WhiteElo "1697"]
[BlackElo "1642"]
[TimeControl "300"]
[EndTime "9:12:48 PDT"]
[Termination "Greenbecker won by resignation"]

1. e4 a6 2. d4 b5 3. Nf3 Bb7 4. Nbd2 Nf6 5. e5 Nd5 6. c4 bxc4 7. Bxc4 g6 8. Qb3 Nc6 9. Bxd5 e6 10. Qxb7 exd5 11.
Qb3 Rb8 12. Qxd5 Nb4 13. Qe4 Be7 14. O-O O-O 15. a3 Nc6 16. d5 Na7 17. Nc4 f5 18. exf6 Bxf6 19. Re1 Nb5 20. Bh6 c5 21. dxc6 Rf7 22.
cxd7 Re7 23. Qd5+ Rf7 24. Re8+ 1-0

[Event "Live Chess"]
[Site "Chess.com"]
[Date "2023.05.20"]
[Round "-"]
[White "Nazarenko_vital"]
[Black "JoshMcK"]
[Result "1-0"]
[WhiteElo "1563"]
[BlackElo "1546"]
[TimeControl "300"]
[EndTime "9:12:51 PDT"]
[Termination "Nazarenko_vital won by resignation"]

1. e4 c6 2. d4 d5 3. Nd2 dxe4 4.
Nxe4 Nf6 5. Ng3 g6 6. Nf3 Bg7 7. c3 O-O 8. Bg5 Bg4 9. Be2 Nbd7 10. h3 Be6 11. Qd2 Bd5 12. Bh6 Ne4 13. Nxe4 Bxe4 14. Bxg7 Kxg7 15. h4 Bxf3 16. Bxf3 e5 17. h5 exd4 18.
Qxd4+ Kg8 19. O-O-O Nb6 20. Qe5 Qe8 21. Qf6 Qe6 22.
Qh4 Qf5 23. hxg6 Qxg6 24. Be4 f5 25. Bc2 Rf7 26. g4 Rg7 27. Rd8+ Rxd8 28. Qxd8+ Kf7 29. Bxf5 Qg5+ 30. Qxg5 Rxg5 31. Rxh7+ Kf6 32. Rxb7 Nc4 33. Rxa7 Nd6 34. f4 Rg8 35. Bd7 Ne4 36. Rc7 Rd8 37. Kc2 Nc5 38. Bf5 Ne6 39. Rxc6 Re8 40. Bxe6 Rxe6 41. Rxe6+ Kxe6 42. a4 1-0

[Event "Live Chess"]
[Site "Chess.com"]
[Date "2023.05.20"]
[Round "-"]
[White "stevefairhurst"]
[Black "aliciabutteriss"]
[Result "1-0"]
[WhiteElo "523"]
[BlackElo "502"]
[TimeControl "300"]
[EndTime "9:12:51 PDT"]
[Termination "stevefairhurst won on time"]

1. e4 c6 2. Nf3 d5 3. exd5 cxd5 4. Ng5 e6 5. Qf3 Qxg5 6. d4 Qg6 7. Nc3 Nf6 8. Nb5 Bb4+ 9. c3 Ba5 10. Nc7+ Bxc7 11. Bf4 Bxf4 12. Qxf4 Qc2 13. Bb5+ Bd7 14.
Bxd7+ Nbxd7 15. h4 Qxb2 16. Rd1 Qxc3+ 17. Ke2 Rc8 18. Rd2 Qc4+ 19. Rd3 Qxa2+ 20. Rd2 Qa6+ 21. Rd3 Ne4 22. Rd1 Qa2+ 23. Kf3 Qxf2+ 24. Kg4 Qe2+ 25. Qf3 Ndf6+ 26. Kf4 Nh5+ 27. Kg4 Nef6+ 28. Kh3 Qe5 29. Re3 Qxe3 30. Qxe3 Rc2 31. Re1 O-O 32. g4 Rfc8 33. gxh5 R8c3 34. Qxc3 Rxc3+ 35. Kg2 Ng4 36. Kf1 Rf3+ 37.
Ke2 Re3+ 38. Kf1 Rf3+ 39. Ke2 Re3+ 40. Kd2 Rxe1 41. Kxe1 Nf6 42. h6 gxh6 43. Kf2 Ne4+ 44. Ke3 Nf6 45. Kd3 e5 46. dxe5 Nd7 47. Kd4 f6 48. e6 Kf8 49. Kxd5 Nb6+ 50. Kd6 Nc4+ 51. Kd7 Ne5+ 52. Kd6 Nf3 53. e7+ 1-0

[Event "Live Chess"]
[Site "Chess.com"]
[Date "2023.05.20"]
[Round "-"]
[White "kravtcle"]
[Black "smoggyrabbit"]
[Result "0-1"]
[WhiteElo "1615"]
[BlackElo "1643"]
[TimeControl "300"]
[EndTime "9:13:00 PDT"]
[Termination "smoggyrabbit won by checkmate"]

1. d4 e6 2. c4 f5 3. Nc3 Nf6 4. Bg5 Bb4 5. Nf3 O-O 6. e3 b6 7. Bd3 Bb7 8. O-O d6 9. Rc1 Bxc3 10. Rxc3 Nbd7 11. b4 h6 12. Bh4 Qe8 13. c5 Ne4 14. Rc1 dxc5 15. dxc5 bxc5 16. Bxe4 fxe4 17. Nd2 Rf5 18. Nb3 c4 19. Rxc4 Ba6 20. Rxc7 Bxf1 21. Qxd7 Qxd7 22. Rxd7 Bb5 23. Re7 g5 24. Nd4 Rd5 25.
Bg3 Rc8 26. h3 Rc1+ 27. Kh2 Rb1 28. Nxb5 Rxb5 29. Rxe6 R5xb4 30. Rxh6 Ra1 31. Ra6 Rbb1 32. Rxa7 Rh1# 0-1

[Event "Live Chess"]
[Site "Chess.com"]
[Date "2023.05.20"]
[Round "-"]
[White "dhanushkasri"]
[Black "ethanredball"]
[Result "1/2-1/2"]
[WhiteElo "553"]
[BlackElo "548"]
[TimeControl "300"]
[EndTime "9:13:02 PDT"]
[Termination "Game drawn - insufficient material"]

1. e4 e5 2. Ba6 bxa6 3. Nf3 Nc6 4. O-O Nf6 5. Nc3 Bb4 6. a3 Bxc3 7. dxc3 O-O 8. Bg5 h6 9. Bxf6 Qxf6 10. c4 Qd6 11. Qxd6 cxd6 12. Rad1 Nd4 13. Nxd4 exd4 14. Rxd4 Rb8 15. Rxd6 Rb6 16. Rxb6 axb6 17. Rd1 Rd8 18. Rd6 b5 19. cxb5 axb5 20. Rd5 Ba6 21. b4 Re8 22. Rxd7 Rxe4 23. g3 Re1+ 24. Kg2 Bc8 25. Rd8+ Kh7 26. Rxc8 Ra1 27. Rc7 Kg6 28. Ra7 Rc1 29. Rc7 Ra1 30. g4 Ra2 31. c3 Rxa3 32. Rc5 Rb3 33. Rxb5 Rxc3 34. Ra5 Rc4 35. b5 Rb4 36. g5 hxg5 37. f3 Kf6 38. h3 Kf5 39. Kg3 f6 40. b6+ Ke6 41. Ra6 Kd5 42. Ra5+ Kc6 43. Ra6 Rxb6 44. Rxb6+ Kxb6 45. Kg4 Kc5 46. Kf5 Kd6 47. Kg6 Ke5 48. Kxg7 f5 49. Kg6 Kf4 50. Kf6 g4 51. hxg4 fxg4 52. fxg4 Kxg4 1/2-1/2

[Event "Live Chess"]
[Site "Chess.com"]
[Date "2023.05.20"]
[Round "-"]
[White "f4nomore"]
[Black "noobsmoker24"]
[Result "0-1"]
[WhiteElo "1349"]
[BlackElo "1368"]
[TimeControl "300"]
[EndTime "9:13:05 PDT"]
[Termination "noobsmoker24 won by checkmate"]

1. d4 Nf6 2. Bg5 Ne4 3. Bh4 d5 4.
f3 Nf6 5. e3 c5 6. c3 Nc6 7. Bd3 cxd4 8. cxd4 e6 9. Ne2 Be7 10. O-O O-O 11. Nbc3 a6 12. a3 h6 13. Qc2 Nd7 14. Bxe7 Qxe7 15. Ng3 Nf6 16. Nce2 Rd8 17. f4 Ng4 18. Qd2 Nf6 19. f5 e5 20. Qe1 e4 21. Bc2 Ng4 22. Nf4 Qg5 23. h3 Nf6 24. Bb3 Bxf5 25. Nxf5 Qxf5 26. Nd3 Qg6 27. Ne5 Nxe5 28.
dxe5 Nd7 29. Bxd5 Nxe5 30. Bxb7 Rab8 31. Qc3 Nf3+ 32. Kh1 Rxb7 33. gxf3 Qg3 34. Rg1 Qxh3# 0-1

[Event "Live Chess"]
[Site "Chess.com"]
[Date "2023.05.20"]
[Round "-"]
[White "KuriyamaMiraiUA"]
[Black "Misha145Chess"]
[Result "1/2-1/2"]
[WhiteElo "567"]
[BlackElo "570"]
[TimeControl "300"]
[EndTime "9:13:06 PDT"]
[Termination "Game drawn - insufficient material"]

1. d4 d5 2. c4 e5 3. dxe5 Nc6 4.
Nf3 f6 5. exf6 Nxf6 6. Nc3 dxc4 7. e4 Bb4 8. Qxd8+ Nxd8 9. Bd2 Nc6 10. Bxc4 Bg4 11.
O-O-O O-O-O 12. Bf4 Rxd1+ 13. Rxd1 Rd8 14. a3 Rxd1+ 15. Nxd1 Bd6 16. Bxd6 cxd6 17. Ne3 h5 18. Nxg4 hxg4 19. Ng5 Kd7 20. Be6+ Ke7 21. h3 gxh3 22. Bxh3 Ne5 23. f4 Neg4 24. Bxg4 Nxg4 25. Kd2 Nf2 26. Ke3 Ng4+ 27. Kf3 Nf6 28. e5 dxe5 29. fxe5 Nd5 30. g4 b5 31. b4 Kd7 32. e6+ Ke7 33. Ke4 Nf6+ 34. Kf5 Kd6 35. Nf7+ Ke7 36. g5 Nd5 37. g6 Ne3+ 38. Ke5 Ng4+ 39. Kf5 Ne3+ 40.
Kg5 Kxe6 41. Nd8+ Ke7 42. Nc6+ Kd7 43. Nxa7 Nc4 44. Nxb5 Kc6 45. Nd4+ Kd5 46. Nf5 Nxa3 47. Nxg7 Nc4 48. Kf6 Nd6 49. Nh5 Ne8+ 50. Kf7 Nd6+ 51. Ke7 Nc8+ 52. Kf6 Nd6 53. g7 Ne8+ 54. Kf7 Nxg7 55. Kxg7 Kc4 56. Nf6 Kxb4 1/2-1/2

[Event "Live Chess"]
[Site "Chess.com"]
[Date "2023.05.20"]
[Round "-"]
[White "Fayn02"]
[Black "ClassyChameleon"]
[Result "0-1"]
[WhiteElo "1022"]
[BlackElo "1039"]
[TimeControl "300"]
[EndTime "9:13:09 PDT"]
[Termination "ClassyChameleon won by resignation"]

1. d4 d5 2. Bf4 Nf6 3. Nf3 Nc6 4. e3 Bf5 5. c3 e6 6. Be2 Bd6 7. Bxd6 Qxd6 8. Nbd2 Ng4 9. h3 Nh6 10. Nb3 f6 11. Nc5 Na5 12. b4 b6 13. Nb3 Nxb3 14. Qxb3 O-O 15. a4 g5 16. Qd1 g4 17. hxg4 Nxg4 18.
Bd3 Rae8 19. Bxf5 exf5 20. Qd3 Rf7 21. Qxf5 Ne5 22. Nxe5 fxe5 23. Qg4+ Rg7 24. Qh3 exd4 25. cxd4 Qxb4+ 26. Ke2 Qxd4 27. Rhd1 Qg4+ 28. Qxg4 Rxg4 29. Rxd5 Rxg2 30. Rd7 Rc8 31. Rc1 Rg7 32. Rxg7+ Kxg7 33. Rc6 h5 34. f4 h4 35. Kf3 Rh8 36. Rxc7+ Kg6 37.
Rc1 h3 38. Rh1 h2 39. Kg2 Kf5 40. Kf3 Rh3+ 41. Kf2 Kg4 42. Ke2 Kg3 43. Kf1 Kf3 44. f5 Kxe3 45. f6 Rf3+ 46. Kg2 Rxf6 47. Rxh2 Rf2+ 48.
Kg3 Rxh2 49. Kxh2 Kd3 50. Kg3 Kc4 51. Kf4 Kb4 52. Ke5 Kxa4 53. Kd6 Ka5 54. Kc6 b5 55. Kb7 a6 56. Kc6 b4 57. Kc5 Ka4 0-1